Map: 国王藏宝地-天梯版

Players

llllllllllll (Oliveira)

  • Race: Terran Terran
  • League: Master
  • Spawn Location: 11:00

llllllllllll (GuMiho) - Winner!

  • Race: Terran Terran
  • League: Master
  • Spawn Location: 5:00

Event: 2019 Assembly Summer

VOD

Have the link to the VOD?

Description

Time

  • Played on: Aug. 1, 2019, 11:20 a.m.
  • Length: 9:03

All games in this series

Show
View Real Time Build Order
Export as new Build Order

llllllllllll Terran 

Build Orders:  

Get SALT Encoding   

  12  0:00  SCV  
  13  0:12  SCV  
  14  0:18  Supply Depot  
  14  0:24  SCV  
  15  0:29  Refinery  
  15  0:40  SCV  
  16  0:46  Barracks  
  16  0:52  SCV  
  17  0:58  Refinery  
  17  1:04  SCV  
  18  1:16  SCV  
  19  1:33  Orbital Command  
  19  1:35  Factory  
  19  1:37  Reaper  
  20  1:45  Supply Depot  
  20  1:58  SCV  
  21  2:09  Reaper  
  21  2:10  SCV  
  23  2:21  Hellion  
  25  2:28  Command Center  
  25  2:30  SCV  
  26  2:42  Barracks Reactor  
  26  2:44  Starport  
  26  2:47  Widow Mine  
  26  2:49  SCV  
  29  2:54  Supply Depot  
  29  3:01  SCV  
  30  3:09  Factory Tech Lab  
  30  3:13  SCV  
  30  3:19  Marine  
  32  3:20  Marine  
  32  3:21  Starport Tech Lab  
  32  3:25  SCV  
  34  3:29  Refinery  
  34  3:30  Cyclone  
  37  3:38  SCV  
  40  3:45  Raven  
  40  3:48  Orbital Command  
  40  3:50  SCV  
  40  3:52  Marine  
  40  3:54  Marine  
  43  4:02  SCV  
  44  4:08  Cyclone  
  43  4:11  Marine  
  43  4:14  SCV x2  
  46  4:18  Supply Depot  
  46  4:22  Marine  
  46  4:26  SCV  
  46  4:30  Raven  
  49  4:33  SCV  
  49  4:37  Marine  
  51  4:41  Supply Depot, SCV  
  52  4:46  Siege Tank  
  52  4:49  SCV  
  52  4:51  Marine  
  57  4:53  SCV  
  57  4:55  Marine  
  59  5:01  SCV  
  59  5:04  Supply Depot x2  
  59  5:05  SCV  
  61  5:13  SCV  
  62  5:17  SCV  
  63  5:22  Siege Tank  
  63  5:25  SCV  
  63  5:26  Marine  
  68  5:29  SCV  
  68  5:31  Supply Depot, Viking  
  68  5:32  Viking  
  73  5:37  SCV  
  74  5:43  Liberator  
  74  5:45  Liberator  
  72  5:50  SCV  
  72  5:53  SCV  
  80  6:06  Marine  
  80  6:08  Command Center  
  80  6:09  Refinery  
  80  6:10  SCV x2  
  83  6:14  Stimpack  
  83  6:22  SCV  
  84  6:27  Siege Tank  
  84  6:29  Marine  
  84  6:32  SCV  
  87  6:34  SCV  
  87  6:38  Supply Depot  
  88  6:42  Barracks  
  88  6:44  Barracks, SCV  
  89  6:47  Marine  
  89  6:50  SCV  
  84  6:56  SCV  
  84  7:00  Viking x2  
  87  7:03  SCV  
  87  7:05  Marine  
  90  7:08  SCV  
  90  7:16  Siege Tank  
  90  7:18  SCV  
  89  7:31  Viking  
  82  7:39  Viking, Barracks Reactor x2  
  82  7:41  SCV  
  82  7:43  Marine, Barracks, SCV  
  86  7:44  Barracks  
  86  7:46  Orbital Command  
  83  7:53  SCV  
  77  7:59  Siege Tank, SCV  
  77  8:01  Marine  
  77  8:03  Engineering Bay x2  
  77  8:05  SCV  
  83  8:11  Viking x2, SCV x2  
  89  8:17  Marine x3, SCV  
  93  8:24  Marine, SCV x2  
  96  8:28  Supply Depot  
  96  8:29  SCV  
  96  8:32  Barracks Tech Lab  
  96  8:33  Barracks Tech Lab  
  97  8:39  Marine x2  
  97  8:40  SCV  
  94  8:50  SCV  
Show
View Real Time Build Order
Export as new Build Order

llllllllllll Terran - Winner!

Build Orders: Liberator Opening, Mech 

Get SALT Encoding   

  12  0:00  SCV  
  13  0:12  SCV  
  14  0:18  Supply Depot  
  14  0:24  SCV  
  15  0:30  Refinery  
  15  0:39  SCV  
  16  0:45  Barracks  
  16  0:51  SCV  
  17  1:03  SCV  
  18  1:16  SCV  
  19  1:32  Reaper, Orbital Command  
  20  1:45  Command Center  
  20  1:56  Factory  
  20  2:00  SCV  
  21  2:06  Barracks Reactor  
  21  2:09  Refinery  
  21  2:12  SCV  
  22  2:19  Supply Depot  
  22  2:25  SCV  
  23  2:40  Starport, SCV  
  24  2:46  Hellion  
  24  2:47  Hellion  
  24  2:50  Reaper  
  29  2:59  Orbital Command  
  29  3:01  SCV  
  29  3:02  Liberator  
  30  3:09  Hellion  
  32  3:13  Hellion  
  34  3:25  Barracks Tech Lab  
  37  3:28  SCV x2  
  37  3:34  Supply Depot  
  41  3:44  SCV  
  41  3:47  SCV  
  44  3:51  Supply Depot  
  40  3:56  SCV  
  40  3:59  SCV  
  40  4:01  Mag-Field Accelerator  
  40  4:02  Cyclone  
  45  4:08  SCV  
  46  4:11  SCV  
  45  4:20  Medivac, SCV  
  45  4:23  SCV  
  49  4:32  Command Center, SCV  
  49  4:36  Cyclone, SCV  
  54  4:42  Refinery x2  
  54  4:44  SCV  
  55  4:47  Supply Depot  
  55  4:50  SCV  
  56  4:56  SCV  
  57  5:02  SCV  
  57  5:05  Factory  
  58  5:08  SCV  
  58  5:09  Cyclone  
  62  5:14  SCV  
  62  5:20  SCV  
  64  5:23  Supply Depot  
  64  5:26  SCV  
  65  5:31  Supply Depot  
  65  5:33  SCV  
  66  5:38  SCV  
  66  5:41  Cyclone  
  68  5:45  SCV  
  68  5:49  Orbital Command  
  67  5:50  SCV  
  67  5:51  Factory Tech Lab  
  63  5:57  Supply Depot, SCV  
  63  5:58  Engineering Bay  
  63  6:01  Factory  
  63  6:02  SCV  
  64  6:09  SCV  
  65  6:13  Cyclone  
  65  6:14  Barracks Reactor, SCV  
  66  6:28  Cyclone  
  66  6:31  SCV x2  
  66  6:32  Viking x2  
  69  6:35  SCV  
  69  6:37  Starport  
  70  6:43  SCV x2  
  72  6:48  SCV  
  73  6:57  Siege Tank  
  73  7:00  SCV  
  73  7:01  SCV  
  78  7:02  Viking x2  
  82  7:21  Hellion x2, Siege Tank, Viking  
  86  7:32  Viking x2  
  85  7:37  SCV x2, Orbital Command  
  85  7:41  Hellion  
  85  7:42  Liberator, Hellion x2  
  90  7:49  SCV x2  
  90  7:50  Liberator  
  92  7:53  Liberator  
  89  7:59  Hellion  
  89  8:01  SCV  
  89  8:02  Hellion, SCV x2  
  105  8:14  SCV x2  
  105  8:16  SCV  
  105  8:17  Supply Depot  
  106  8:26  SCV x2  
  108  8:28  SCV  
  112  8:46  SCV x3  
Tags
 
Add a new tag
Caveats
  • Supply blocks, unpowered buildings, or Contaminate may cause inaccurate times.
  • Supply counts are checked every 10 seconds.